Map: Ruins of Seras

Players

Monty

  • Race: Protoss Protoss
  • League: Grandmaster

Miszu - Winner!

  • Race: Terran Terran
  • League: Grandmaster

VOD

Have the link to the VOD?

Description

Time

  • Played on: Feb. 14, 2016, 7:18 a.m.
  • Length: 17:06
Show
View Real Time Build Order
Export as new Build Order

Monty Protoss 

Build Orders: 1 Gate Expand, Blink Stalkers 

Get SALT Encoding   

  12  0:01  Probe (Chrono Boost)  
  13  0:12  Probe (Chrono Boost)  
  14  0:19  Pylon  
  14  0:23  Probe (Chrono Boost)  
  15  0:37  Probe (Chrono Boost)  
  15  0:38  Gateway  
  16  0:46  Assimilator  
  16  0:49  Probe (Chrono Boost)  
  17  1:00  Probe (Chrono Boost)  
  18  1:10  Probe (Chrono Boost)  
  19  1:26  Nexus  
  19  1:36  Cybernetics Core  
  19  1:40  Probe (Chrono Boost)  
  19  1:46  Assimilator  
  20  1:50  Probe (Chrono Boost)  
  21  2:02  Pylon, Probe (Chrono Boost)  
  22  2:12  Probe (Chrono Boost)  
  22  2:13  Warp Gate  
  23  2:20  Stalker  
  25  2:23  Probe (Chrono Boost)  
  26  2:34  Probe (Chrono Boost)  
  27  2:37  Robotics Facility  
  27  2:39  Probe (Chrono Boost)  
  29  2:44  Probe (Chrono Boost)  
  29  2:49  Probe (Chrono Boost)  
  30  2:55  Probe (Chrono Boost)  
  31  3:00  Probe (Chrono Boost)  
  34  3:06  Twilight Council, Mothership Core (Chrono Boost)  
  34  3:10  Probe (Chrono Boost)  
  35  3:20  Probe (Chrono Boost)  
  35  3:24  Observer (Chrono Boost), Probe (Chrono Boost)  
  35  3:26  Gateway  
  38  3:30  Probe  
  39  3:35  Probe  
  39  3:36  Pylon  
  39  3:40  Probe  
  40  3:43  Blink (Chrono Boost)  
  40  3:48  Probe  
  42  3:51  Probe  
  44  3:55  Observer  
  44  4:00  Probe  
  44  4:01  Probe  
  46  4:10  Nexus  
  46  4:11  Pylon  
  46  4:12  Probe  
  46  4:16  Probe  
  47  4:22  Gateway  
  47  4:23  Gateway  
  48  4:24  Probe  
  48  4:27  Probe  
  50  4:35  Pylon  
  50  4:36  Stalker, Probe  
  50  4:37  Stalker  
  55  4:43  Probe  
  55  4:44  Assimilator  
  56  4:52  Assimilator  
  56  4:53  Warp Prism  
  58  5:04  Forge  
  58  5:05  Forge, Probe  
  59  5:11  Stalker x2  
  59  5:13  Probe  
  63  5:17  Probe  
  65  5:22  Stalker  
  65  5:23  Stalker  
  65  5:24  Probe (Chrono Boost)  
  65  5:27  Probe (Chrono Boost)  
  71  5:29  Probe (Chrono Boost)  
  72  5:36  Probe (Chrono Boost)  
  72  5:38  Probe (Chrono Boost)  
  72  5:39  Probe (Chrono Boost)  
  72  5:40  Protoss Ground Weapons Level 1 (Chrono Boost), Protoss Ground Armor Level 1 (Chrono Boost)  
  75  5:47  Pylon, Probe  
  76  5:51  Pylon  
  76  5:59  Probe  
  76  6:01  Probe x2  
  79  6:10  Probe  
  78  6:12  Gateway  
  78  6:13  Probe  
  78  6:14  Gateway  
  78  6:16  Stalker x3, Probe  
  78  6:17  Stalker  
  88  6:20  Observer  
  89  6:29  Gateway  
  89  6:32  Gateway  
  87  6:41  Immortal  
  87  6:44  Probe  
  87  6:46  Probe  
  93  6:48  Sentry x4  
  101  6:55  Pylon  
  101  6:58  Pylon  
  101  6:59  Assimilator  
  101  7:00  Pylon  
  101  7:01  Pylon, Assimilator  
  101  7:07  Pylon  
  101  7:10  Pylon  
  101  7:11  Resonating Glaives  
  101  7:12  Protoss Ground Weapons Level 2 (Chrono Boost), Probe  
  101  7:13  Probe  
  103  7:19  Stalker x3  
  103  7:20  Stalker x2  
  103  7:22  Probe x2  
  106  7:38  Probe  
  106  7:39  Probe  
  106  7:43  Probe  
  109  7:45  Protoss Ground Armor Level 2 (Chrono Boost)  
  109  7:54  Adept x6  
  109  7:55  Adept x2  
  109  7:57  Immortal (Chrono Boost)  
  129  8:14  Templar Archives, Pylon  
  129  8:17  Pylon  
  129  8:26  Adept x3  
  135  8:27  Adept  
  135  8:32  Gateway  
  135  8:33  Gateway  
  137  8:37  Gateway  
  135  8:45  Stargate  
  135  9:01  Pylon  
  135  9:02  Probe  
  136  9:09  Psionic Storm  
  136  9:10  Charge  
  134  9:18  Adept  
  134  9:19  Adept x2  
  134  9:20  High Templar x3  
  134  9:21  Nexus  
  145  9:25  Observer (Chrono Boost)  
  143  9:45  Pylon  
  143  9:49  Pylon  
  143  9:50  Void Ray  
  144  10:04  Probe x3  
  145  10:08  Adept x5  
  145  10:09  Adept  
  145  10:13  Protoss Ground Weapons Level 3  
  153  10:16  Probe  
  153  10:21  Probe  
  145  10:45  Protoss Ground Armor Level 3  
  130  10:54  Stalker  
  130  10:55  Stalker x5  
  130  10:56  Stalker x2  
  133  10:58  Stalker  
  133  10:59  Stalker x2  
  130  11:24  Stalker x3  
  135  11:26  Stalker x4  
  91  12:06  Probe x2  
  91  12:08  Probe  
  90  12:16  High Templar x4  
  90  12:18  Probe  
  90  12:19  Probe  
  90  12:20  Nexus  
  90  12:21  Pylon  
  100  12:25  Pylon  
  100  12:28  Immortal (Chrono Boost)  
  100  12:30  High Templar x2  
  108  12:40  Void Ray (Chrono Boost)  
  112  12:45  Stalker  
  114  12:52  Pylon  
  113  13:01  Stalker  
  113  13:02  Stalker x4  
  121  13:07  Stalker  
  121  13:33  High Templar x4  
  121  13:34  Stalker x3  
  131  13:37  Archon x2  
  134  13:41  Probe x3  
  134  13:47  Void Ray (Chrono Boost)  
  140  13:57  Stalker x2  
  140  14:02  Stalker  
  146  14:08  Warp Prism  
  146  14:11  Probe x2  
  146  14:13  Assimilator  
  150  14:18  Probe, Assimilator  
  150  14:20  Probe  
  150  14:21  Sentry x2  
  150  14:24  Probe  
  157  14:34  Fleet Beacon  
  157  14:38  Fleet Beacon  
  157  14:40  Stargate  
  157  14:43  Probe  
  157  15:04  Probe x2  
  157  15:06  Photon Cannon  
  159  15:09  Pylon  
  163  15:17  Probe  
  163  15:19  Stargate  
  163  15:21  Pylon  
  164  15:24  Tempest (Chrono Boost)  
  164  15:28  Tempest (Chrono Boost)  
  168  15:31  Adept x4  
  168  15:32  Zealot x3  
  168  15:55  Adept  
  168  15:56  Adept x5  
  166  16:07  Tempest (Chrono Boost)  
  162  16:13  Tempest (Chrono Boost)  
  161  16:22  Archon  
  161  16:24  Archon  
  159  16:31  Adept x5  
  142  16:47  Adept  
  142  16:48  Adept  
Show
View Real Time Build Order
Export as new Build Order

Miszu Terran - Winner!

Build Orders: Command Center First (CC), MMM Bio 

Get SALT Encoding   

  12  0:01  SCV  
  13  0:14  SCV  
  13  0:18  Supply Depot  
  14  0:27  SCV  
  15  0:40  SCV  
  16  0:52  SCV  
  17  1:03  Command Center  
  17  1:06  SCV  
  18  1:18  SCV  
  18  1:21  Barracks  
  19  1:30  SCV  
  20  1:35  Barracks  
  20  1:45  SCV  
  21  1:49  Barracks  
  21  1:57  SCV  
  22  2:12  Marine, Orbital Command  
  23  2:23  Marine  
  23  2:27  Orbital Command  
  24  2:30  Marine  
  24  2:35  Marine  
  26  2:38  SCV  
  26  2:42  Refinery x2  
  27  2:45  Marine  
  27  2:48  Marine  
  29  2:51  SCV  
  29  2:53  Marine  
  29  2:54  SCV  
  32  3:01  Supply Depot  
  32  3:03  SCV  
  33  3:06  SCV  
  33  3:07  Marine  
  33  3:08  Marine  
  36  3:15  Barracks Tech Lab, SCV  
  36  3:18  SCV  
  38  3:25  Marine  
  38  3:26  Marine  
  40  3:27  Supply Depot  
  40  3:28  SCV  
  40  3:30  SCV  
  40  3:33  Marine  
  43  3:35  Stimpack  
  43  3:40  SCV  
  43  3:41  Supply Depot  
  44  3:42  SCV  
  44  3:43  Marine  
  46  3:48  Marine  
  46  3:51  Marine  
  46  3:52  SCV  
  49  3:55  Factory  
  49  3:56  SCV  
  49  4:00  Marine  
  49  4:01  Refinery  
  51  4:04  SCV  
  51  4:08  Engineering Bay  
  51  4:09  SCV  
  53  4:10  Marine  
  53  4:12  Marine  
  53  4:16  SCV  
  55  4:20  Supply Depot  
  55  4:21  SCV  
  55  4:24  Marine  
  56  4:28  Marine, SCV  
  59  4:31  Supply Depot  
  59  4:32  Marine  
  59  4:33  SCV  
  59  4:36  Terran Infantry Weapons Level 1  
  61  4:40  SCV  
  61  4:42  Starport  
  61  4:44  Factory Reactor  
  62  4:46  SCV  
  62  4:52  SCV  
  64  4:54  Supply Depot  
  64  4:55  Barracks Reactor, Barracks Tech Lab  
  64  4:59  SCV  
  65  5:04  SCV  
  66  5:11  Liberator  
  66  5:12  Command Center, Liberator  
  66  5:14  SCV  
  66  5:16  Refinery  
  66  5:18  SCV  
  68  5:28  Marauder  
  73  5:33  SCV  
  73  5:34  SCV  
  78  5:36  Supply Depot  
  78  5:41  Supply Depot, Combat Shields  
  78  5:45  SCV  
  78  5:46  SCV  
  78  5:47  Marauder  
  78  5:48  Marine  
  78  5:49  Marine  
  83  5:57  SCV  
  84  6:04  Command Center  
  84  6:09  Marauder  
  86  6:11  Medivac  
  86  6:12  Medivac  
  86  6:17  SCV  
  89  6:24  Marine x2, Marauder, Concussive Shells  
  93  6:29  Supply Depot  
  93  6:30  SCV x2  
  93  6:31  Terran Infantry Armor Level 1, Barracks x2  
  95  6:34  Supply Depot  
  95  6:38  Marauder  
  97  6:42  SCV  
  97  6:45  SCV  
  97  6:46  Medivac  
  101  6:51  Medivac  
  103  6:54  SCV  
  103  6:57  Supply Depot, SCV  
  105  7:01  Starport  
  105  7:02  Fusion Core  
  105  7:05  Liberator  
  105  7:06  SCV  
  106  7:09  SCV  
  107  7:18  SCV  
  107  7:20  Supply Depot  
  107  7:21  SCV  
  109  7:25  Barracks Reactor, Barracks Tech Lab  
  109  7:29  Liberator, Orbital Command  
  112  7:30  Marauder  
  112  7:33  Marauder  
  113  7:43  Marine, Refinery  
  116  7:44  Refinery, Marauder  
  116  7:45  Starport Tech Lab  
  116  7:49  Supply Depot  
  120  7:58  Marine, Marauder  
  120  7:59  Marauder, Liberator  
  120  8:00  Orbital Command  
  120  8:03  Advanced Ballistics  
  123  8:06  SCV  
  123  8:12  Liberator  
  124  8:16  Marine  
  124  8:17  Supply Depot, Marine x4  
  124  8:19  Marine x2  
  133  8:30  Liberator  
  136  8:34  Marine x2  
  136  8:35  Marine, Marauder  
  136  8:38  Marauder  
  143  8:45  Liberator  
  148  8:48  Marine, Marauder  
  148  8:52  Marine x2  
  148  8:55  Supply Depot, Liberator  
  151  8:57  Marauder  
  151  8:58  Supply Depot  
  151  9:00  Supply Depot  
  151  9:02  Marine  
  156  9:03  Marauder  
  156  9:06  Marine  
  160  9:10  Marine x2, Marauder  
  160  9:13  Liberator  
  165  9:22  Missile Turret  
  165  9:27  Liberator  
  168  9:37  Marine x5  
  168  9:38  Marine x2  
  175  9:39  Command Center  
  178  9:46  Engineering Bay  
  178  9:47  Armory  
  178  9:53  Liberator  
  178  9:55  Marine  
  178  9:57  Barracks  
  178  9:58  Barracks  
  178  9:59  Barracks  
  179  10:01  Marine, Marauder x2  
  181  10:10  Marine  
  181  10:11  Marine, Marauder  
  188  10:25  Liberator  
  188  10:27  Liberator  
  188  10:29  Marauder  
  188  10:35  Marine  
  189  10:36  Liberator  
  189  10:37  Marine x2  
  189  10:39  Marauder  
  189  10:41  Marauder  
  168  10:58  Marauder  
  168  11:00  SCV  
  168  11:01  SCV  
  166  11:08  Liberator  
  166  11:10  Liberator  
  159  11:17  Marine, Marauder  
  159  11:18  Marine  
  163  11:19  Liberator  
  169  11:34  Marine  
  169  11:35  Marauder  
  169  11:37  Marine, Marauder  
  171  11:49  Marine  
  171  11:50  Marine, Marauder  
  171  11:51  Liberator  
  171  11:52  Marine  
  171  11:53  Liberator  
  137  11:54  Marine  
  123  12:01  Liberator  
  123  12:07  Marine  
  122  12:13  Terran Infantry Armor Level 2, Terran Infantry Weapons Level 2  
  117  12:21  Marine, Marauder x2  
  125  12:24  SCV  
  125  12:25  SCV  
  125  12:27  SCV  
  128  12:36  Marine, SCV  
  130  12:37  SCV  
  130  12:39  SCV  
  132  12:44  Marine x2  
  132  12:45  Marauder  
  132  12:48  SCV  
  132  12:49  SCV  
  132  12:50  Liberator x3  
  139  12:51  SCV  
  139  12:54  Barracks Tech Lab  
  138  13:00  SCV  
  138  13:01  SCV  
  140  13:07  Missile Turret  
  140  13:09  Marine x2, Marauder  
  140  13:10  Planetary Fortress  
  140  13:12  SCV x2  
  155  13:14  SCV  
  155  13:17  Marine, Marauder  
  155  13:18  Marine  
  153  13:37  Ghost Academy  
  153  13:49  Barracks Tech Lab x2  
  153  13:50  SCV x4  
  153  13:55  Marauder x2  
  161  13:56  Marine x5  
  168  14:13  Marine, Ghost x2  
  168  14:14  Ghost  
  168  14:16  Ghost  
  175  14:19  Ghost  
  177  14:24  Ghost  
  179  14:37  Marine  
  180  14:41  Ghost x2  
  180  14:44  Marine  
  180  14:45  Marauder  
  187  14:52  Refinery  
  187  14:54  Refinery  
  187  14:55  Orbital Command  
  186  15:07  Ghost  
  186  15:08  Ghost x3  
  194  15:24  SCV x4  
  198  15:29  Ghost  
  200  15:37  Refinery  
  200  15:41  Refinery  
  198  16:03  Marine, Marauder  
  189  16:21  Marine  
  189  16:22  Marine x7, Marauder  
  189  16:24  Marine  
  192  16:39  Marine x2  
  187  16:40  Marauder  
  187  16:44  Marine, Marauder  
Tags
 
Add a new tag
Caveats
  • Supply blocks, unpowered buildings, or Contaminate may cause inaccurate times.
  • Supply counts are checked every 10 seconds.